Electro, lawful female human Valkyrie ---- ---..| |....| -...-- ...-| ----- ...).| --r..-- ---- ...(..-- |@r....| |..| ..........-- --r|...| |..| ---.......)......-- -----.---..).| |.......--........| |.....)..| ---.---...|--.......| -........-- |...| --..| |.<..---- ....| |.--| ---- |...-- ...-- ....| --..| ..-- ---.--- ---- ..| |...| ....| --..---- ............| ......-----------...........--- ----................--..--..| |..----..----------------- --- Electro the Skirmisher Experience level: 3 Strength: 18/03 Dexterity: 12 Constitution: 18 Intelligence: 8 Wisdom: 7 Charisma: 10 Health: 0(31) Energy: 7(7) Def: 4 Gold: 435 Moves: 1344 Dungeon seed: PqtvxbsHalVKRK0o Game ID: Electro_1621583039 Your Inventory: Coins $ - 435 gold pieces Amulets g - a cursed amulet of restful sleep (being worn) Weapons a - a very corroded +1 long sword (weapon in hand) b - a +0 dagger h - a +0 spear i - a cursed +0 crossbow Armor e - an uncursed +3 small shield (being worn) n - an uncursed +0 banded mail Comestibles c - an uncursed food ration k - an uncursed Lemon Spellbooks m - an uncursed spellbook of restore ability Rings d - an uncursed ring of fire resistance Tools l - a can of grease (0:8) Gems q - an uncursed worthless piece of yellowish brown glass r - an uncursed worthless piece of black glass Spells and supernatural/magical abilities: Name Level Category Fail Memory W - pray for help -- divine ? -- Your skills at the end: Fighting Skills Weapon Skills dagger [Basic] long sword [Basic] Spellcasting Skills Final Attributes: You were piously aligned. You were cold resistant. You fell asleep. You were stealthy. You were a wererat. You were very fast. You are dead. Vanquished creatures: a gnome lord an acid blob 2 coyotes 5 giant rats a green mold 7 gnomes 5 jackals a goblin a sewer rat 8 grid bugs 3 lichens 2 kobold zombies a newt 38 creatures vanquished. Voluntary challenges: You were an atheist. You used a wielded weapon 27 times, starting on turn 2. You read items or engraved 1 time, starting on turn 1170. You never genocided any monsters. You never polymorphed an object. You never changed form. You used no wishes. You never split a pudding. You never wrote Elbereth's name. You never violated your personal moral code. Dungeon overview: The Dungeons of Doom: levels 1 to 3 Level 1 a long staircase Level 2 a fountain Level 3 a delicatessen stairs to The Gnomish Mines The Gnomish Mines: Level 4 <- You were here stairs to The Dungeons of Doom History has recorded: On T:1 you entered the Dungeons of Doom to retrieve the Amulet of Yendor! On T:388 you reached level 2 of The Dungeons of Doom. On T:663 you reached level 3 of The Dungeons of Doom. On T:719 you advanced to experience level 2. On T:1109 you reached level 1 of The Gnomish Mines. On T:1116 you advanced to experience level 3. Score breakdown: Gold: 435 ( 8978 points) Experience: 3 levels ( 7878 points) Exploration: 4 levels ( 8.70%) ( 7745 points) Discoveries: 1 item ( 0.41%) ( 1912 points) Valuables value: (no points given unless you survive) Artifact value: 0 ( 0 points) Variety of kills: 13 monsters ( 3.41%) ( 5541 points) Turncount: 1344 turns ( 0 points) Survival: died (score multiplied by 80%) Total score: 25643 Latest messages: You miss the wererat. The wererat bites! You hit the wererat. The wererat bites! You miss the wererat. The wererat bites! You feel feverish. You miss the wererat. The wererat bites! You miss the wererat. The wererat bites! You miss the wererat. The wererat summons help! The wererat bites! You hear some noises. You are suddenly moving much faster. The sewer rat just misses! The sewer rat misses. The giant rat bites! The wererat bites! The sewer rat bites! You hear some noises in the distance. You miss the sewer rat. (2x) The sewer rat bites! You die... Final status: Farvel Electro the Valkyrie, killed by a sewer rat... You died in The Gnomish Mines on dungeon level 4 with 25643 points, and 435 pieces of gold, after 1344 moves. You were level 3 with a maximum of 31 hit points when you died.